AoeStats
← Lord Laggington

Nomad

512714195Analyzed
2v2 RM · 6d ago on Oct 10, 2026· 61m 13s· 4 players
Game mode
Random Map
Map size
176×176
Population
200
Speed
Normal
Resources
Standard
Victory
Conquest
Starting age
Dark Age
Ending age
Imperial Age
RankedLock teamsTeams togetherTeam positionsShared explorationLock speedFull tech treeHidden civsTurbo modeCheats
Victory
Defeat
🇩🇪 Romans · Germany
1008
+15
🇩🇪 Lithuanians · Germany
996
+16
vs
🇩🇪 Huns · Germany
1002
-16
🇩🇪 Sicilians · Germany
986
-15
Cygan
16:28 Feudal Age
19:30 Double-Bit Axe
20:56 Horse Collar
27:00 Castle Age
26:29 Forging
26:20 Scale Mail Armor
27:24 Town Watch
28:42 Town Patrol
38:36 Wheelbarrow
37:47 Loom
41:10 Fletching
44:58 Imperial Age
47:51 Iron Casting
49:37 Conscription
49:42 Heavy Plow
55:17 Bow Saw
55:39 Hand Cart
56:52 Blast Furnace
56:07 Chain Mail Armor
55:49 Bodkin Arrow
56:45 Pikeman
57:28 Squires
57:31 Halberdier
5ylvesteR
13:49 Feudal Age
12:07 Loom
13:53 Feudal Age
18:23 Castle Age
18:37 Fletching
20:45 Bodkin Arrow
46:17 Pikeman
57:39 Double-Bit Axe
59:17 Thumb Ring
59:43 Bow Saw
novusb4
9:47 Loom
13:29 Feudal Age
15:26 Double-Bit Axe
16:22 Fishing Lines
17:36 Scale Barding Armor
18:21 Wheelbarrow
23:16 Castle Age
21:22 Gold Mining
21:35 Horse Collar
23:16 Bloodlines
23:19 Forging
24:02 Husbandry
24:44 Bow Saw
28:30 Hand Cart
32:23 Heavy Plow
33:48 Fletching
37:17 Heavy Plow
44:59 Gillnets
46:05 Chain Barding Armor
46:21 Iron Casting
51:41 Imperial Age
49:18 Hill Forts
53:55 Plate Barding Armor
54:32 Stone Mining
55:16 Crop Rotation
55:22 Conscription
54:27 Cavalier
56:06 Paladin
57:33 Town Watch
58:34 Conscription
Lord Laggington
6:36 Loom
14:05 Feudal Age
14:10 Man-at-Arms
15:04 Town Watch
16:11 Forging
16:09 Double-Bit Axe
17:19 Scale Mail Armor
22:51 Castle Age
24:16 Scale Barding Armor
24:18 Gold Mining
24:14 Horse Collar
27:31 Castle Age
25:53 Stone Mining
27:16 Fletching
27:16 Fishing Lines
29:05 Bodkin Arrow
32:30 Wheelbarrow
32:53 Bow Saw
35:11 Hand Cart
38:38 Iron Casting
38:24 Chain Barding Armor
38:39 Chain Mail Armor
43:02 Chain Mail Armor
42:11 Long Swordsman
43:42 Town Patrol
48:20 Imperial Age
46:26 Bloodlines
46:20 Husbandry
46:43 Murder Holes
47:09 Ballistics
46:59 Masonry
50:08 Gold Shaft Mining
51:31 Capped Ram
51:43 Cavalier
53:56 Legionary
54:39 Squires
56:19 Conscription
56:21 Comitatenses
56:40 Architecture
57:12 Chemistry
55:58 Siege Ram
Connection lost

Rejoining the realm…

Still unreachable

The connection could not be restored.

Session expired

The server has moved on; the page needs a fresh start.